 Dungeon Crawl Stone Soup version 0.14-a0-3345-g9255d23 (webtiles) character file.

1568 Lancroian the Grappler (level 8, 0/70 (74) HPs)
             Began as a Naga Fighter on Mar 17, 2014.
             Killed from afar by an orc wizard (7 damage)
             ... with a puff of flame
             ... on Level 5 of the Dungeon.
             The game lasted 00:28:37 (5550 turns).

Lancroian the Grappler (Naga Fighter)               Turns: 5550, Time: 00:28:38

HP   0/70 (74)   AC  6     Str 22      XL: 8   Next: 53%
MP   8/8         EV  9     Int  9      God:
Gold 297         SH 18     Dex 11      Spells:  0 memorised,  7 levels left

rFire  . . .     SeeInvis +       - Unarmed
rCold  . . .     Clarity  .     b - -1 scale mail
rNeg   + . .     Conserve .     c - +0 shield
rPois  +         rCorr    .     (no helmet)
rElec  .         rRot     .     w - +0 cloak
SustAb . .       Spirit   .     r - -2 pair of gloves
rMut   .         Warding  .     (no barding)
Saprov . . .     Stasis   .     (no amulet)
MR     +....                    z - ring of positive energy {unknown}
                                l - cursed +5 ring of evasion

@: invisible, very slightly contaminated, drained, very slow, somewhat resistant
to hostile enchantments, extremely unstealthy
A: spit poison, molten scales 1, see invisible, deformed body, poison
resistance, slowness 2, slow metabolism 1, strong 1, AC +2
a: Spit Poison


You were on level 5 of the Dungeon.
You were starving.

You visited 1 branch of the dungeon, and saw 6 of its levels.

You collected 297 gold pieces.

Inventory:

Missiles
 k - 3 steel darts (quivered)
 n - 123 darts
Armour
 b - a -1 scale mail (worn)
 c - a +0 shield (worn)
 r - a -2 pair of gloves (worn)
 w - a +0 cloak (worn)
Comestibles
 d - 4 bread rations
 v - an apple
Scrolls
 a - a scroll of enchant weapon II
 h - 2 scrolls of identify
 s - 2 scrolls of remove curse {unknown}
 t - a scroll of enchant weapon I
 u - a scroll of blinking {unknown}
 x - a scroll of magic mapping {unknown}
 y - 5 scrolls of fear
 B - a scroll of random uselessness {unknown}
 D - a scroll of amnesia {unknown}
Jewellery
 l - a cursed +5 ring of evasion (left hand)
 z - a ring of positive energy (right hand) {unknown}
Potions
 e - a potion of might
 f - 2 potions of curing
 g - 2 potions of resistance
 j - a potion of lignification {unknown}
 p - a potion of haste {unknown}
 q - a potion of magic {unknown}
 A - 2 potions of brilliance


   Skills:
 - Level 5.1(3.9) Fighting
   Level 2.0(0.9) Polearms
 * Level 3.4(2.2) Armour
 * Level 3.4(2.2) Shields
 - Level 8.0(6.7) Unarmed Combat


You had 7 spell levels left.
You didn't know any spells.

Dungeon Overview and Level Annotations

Branches:
Dungeon (6/15)
 Temple: D:4-7

Altars:
Vehumet

Shops:
D:5 [


Innate Abilities, Weirdness & Mutations

You cannot wear boots.
You can spit poison.
Your serpentine skin is tough (AC +2).
You have supernaturally acute eyesight.
Armour fits poorly on your strangely shaped body.
Your system is resistant to poisons.
You cover ground very slowly.
You are partially covered in molten scales (AC +1).
You have a slow metabolism.
Your muscles are strong. (Str +2)


Message History

You're too hungry.
Unknown command.
You hit the orc wizard but do no damage.
The orc wizard is heavily wounded.
The orc wizard hits you but does no damage.
You partially resist.
You feel drained.
The orc wizard mumbles some strange words.
The orc wizard seems to speed up.
You closely miss the orc wizard.
The orc wizard is heavily wounded.
The orc wizard looks braver.
You barely miss the orc wizard.
The orc wizard is heavily wounded.
The orc wizard points at you and mumbles some strange words.
The puff of flame hits you!
One of your 2 scrolls of enchant weapon I catches fire!
* * * LOW HITPOINT WARNING * * *
The orc wizard points at you and mumbles some strange words.
The puff of flame hits you!
You die...

...#
#.....#........#######...###
<#.#
#.....##......##............
...#
#...........................
...#
#.....##....>.##............
##.#
#.....##......########...###
...##########.##.#.# #...#
......# #....(.# ###...#
.#.##.# ####o### ##.#...#
.#.##.######## #@# #......#
.#...........# #.# ##)#...#
.####.######.###.# #.#####
.####.# #...##.# #.######
......# #......# #......#
####### #...#### #..###)##
##### ######..# #.##
#.......###)##
#.#####.......


You could see an orc wizard.

Vanquished Creatures
  The ghost of Lancroian the Ruffian, an experienced NaFi (D:5)
  A necrophage (D:5)
  The ghost of nht the Gusty, an average TeAE (D:4)
  An ice beast (D:5)
  A black bear (D:5)
  An ogre (D:5)
  A scorpion (D:4)
  3 jellies (D:5)
  3 crimson imps (D:5)
  An iguana (D:4)
  3 worker ants
  3 orc wizards (D:5)
  7 adders
  A giant mite (D:2)
  4 worms
  An orc skeleton (D:5)
  3 giant geckos
  15 orcs
  A giant cockroach (D:4)
  8 hobgoblins
  7 jackals
  11 kobolds
  15 bats
  3 giant newts
  14 goblins
  A hobgoblin zombie (D:5)
  A jackal skeleton (D:5)
  A quokka (D:2)
  10 rats
123 creatures vanquished.

Vanquished Creatures (others)
  An orc (D:5)
1 creature vanquished.

Grand Total: 124 creatures vanquished

Notes
Turn   | Place    | Note
--------------------------------------------------------------
     0 | D:1      | Lancroian, the Naga Fighter, began the quest for the Orb.
     0 | D:1      | Reached XP level 1. HP: 21/21 MP: 1/1
   100 | D:1      | Reached skill level 1 in Unarmed Combat
   294 | D:1      | Reached XP level 2. HP: 26/28 MP: 2/2
  1013 | D:2      | Reached XP level 3. HP: 29/34 MP: 3/3
  1513 | D:2      | Reached XP level 4. HP: 42/42 MP: 4/4
  1747 | D:3      | Reached skill level 4 in Unarmed Combat
  2469 | D:3      | Reached XP level 5. HP: 49/49 MP: 5/5
  2589 | D:3      | Gained mutation: Your muscles are strong. (Str +2) [potion of mutation]
  2589 | D:3      | Gained mutation: You have a slow metabolism. [potion of mutation]
  2589 | D:3      | Gained mutation: You are partially covered in molten scales (AC +1). [potion of mutation]
  2660 | D:4      | Found a radiant altar of Vehumet.
  3003 | D:4      | Reached skill level 5 in Unarmed Combat
  3149 | D:4      | Reached XP level 6. HP: 56/56 MP: 6/6
  3226 | D:4      | Noticed nht's ghost (average TeAE)
  3241 | D:4      | Killed nht's ghost
  3792 | D:5      | Entered Level 5 of the Dungeon
  3841 | D:5      | Reached XP level 7. HP: 4/64 MP: 7/7
  4167 | D:5      | Found Qiuz's Antique Armour Shop.
  4265 | D:5      | Reached skill level 6 in Unarmed Combat
  4564 | D:5      | Reached skill level 7 in Unarmed Combat
  4584 | D:5      | Reached XP level 8. HP: 51/72 MP: 8/8
  5185 | D:5      | Noticed Lancroian's ghost (experienced NaFi)
  5234 | D:5      | Killed Lancroian's ghost
  5234 | D:5      | Reached skill level 8 in Unarmed Combat
  5451 | D:5      | Reached skill level 5 in Fighting
  5550 | D:5      | Killed from afar by an orc wizard

Action                   |  1- 3 |  4- 6 |  7- 9 || total
-------------------------+-------+-------+-------++-------
Melee: Trident           |   105 |   117 |       ||   222
       Unarmed           |       |    53 |   244 ||   297
Throw: Dart              |    10 |    19 |    35 ||    64
 Abil: Spit Poison       |    25 |    45 |    30 ||   100
  Use: Scroll            |       |     9 |     1 ||    10
       Potion            |       |     4 |     5 ||     9
 Stab: Invisible         |       |     2 |       ||     2
